 Dungeon Crawl Stone Soup version 0.28.0-53-g5a82cb258f (webtiles) character file.

Game seed: 16136485928769945095

73 Ashen the Magician (level 4, 0/32 HPs)
             Began as a Mummy Fire Elementalist on July 9, 2022.
             Slain by an orc priest
             ... wielding a +0 hand axe
              (5 damage)
             ... on level 3 of the Dungeon.
             The game lasted 00:03:10 (2746 turns).

Ashen the Magician (Mummy Fire Elementalist)        Turns: 2746, Time: 00:03:10

Health: 0/32       AC:  2    Str: 11    XL:     4   Next: 8%
Magic:  0/8        EV: 12    Int: 16    God:
Gold:   46         SH:  0    Dex: 12    Spells: 8/9 levels left

rFire   x . .      SeeInvis .   c - +0 rapier
rCold   + . .      Faith    .   (no shield)
rNeg    + + +      Spirit   .   a - +0 robe
rPois   ∞          Reflect  .   (no helmet)
rElec   .          Harm     .   (no cloak)
rCorr   .          Rampage  .   (no gloves)
Will    .....                   (no boots)
Stlth   ++........              g - amulet of regeneration
HPRegen 0.90/turn               (no ring)
MPRegen 0.11/turn               (no ring)

@: no status effects
A: cold resistance 1, negative energy resistance 3, torment resistance 2, heat
vulnerability 1, no potions
a: no special abilities


You were on level 3 of the Dungeon.
You visited 1 branch of the dungeon, and saw 3 of its levels.

You collected 46 gold pieces.

Inventory:

Hand Weapons
 c - a +0 rapier (weapon)
 f - a +0 battleaxe
Armour
 a - a +0 robe (worn)
Jewellery
 g - an amulet of regeneration (around neck)
 i - an amulet of reflection
Scrolls
 b - 4 scrolls of immolation {unknown}
 d - 3 scrolls of identify {unknown}
 e - 2 scrolls of teleportation {unknown}
 h - a scroll of holy word {unknown}


   Skills:
 + Level 1.1 Fighting
 + Level 2.0 Dodging
 + Level 2.1 Stealth
 + Level 3.2 Spellcasting
 + Level 1.4 Conjurations
 + Level 2.7 Fire Magic


You had 8 spell levels left.
You knew the following spells:

 Your Spells              Type           Power      Damage    Failure   Level
a - Foxfire               Conj/Fire      36%        2x1d5     8%          1

Your spell library contained the following spells:

 Spells                   Type           Power      Damage    Failure   Level
 Scorch                   Fire           22%        2d6       9%          2
 Conjure Flame            Conj/Fire      9%         6-21      24%         3
 Inner Flame              Hex/Fire       7%         N/A       30%         3
 Flame Wave               Conj/Fire      9%         2d5       61%         4


Dungeon Overview and Level Annotations

Branches:
Dungeon (3/15)

Altars:

Annotations:
D:2 Sigmund


Innate Abilities, Weirdness & Mutations

You are immune to poison.
Your flesh is cold resistant. (rC+)
You are immune to negative energy. (rN+++)
You are immune to unholy pain and torment.
You are vulnerable to heat. (rF-)
You do not drink.


Message History

You conjure some foxfire!
The orc hits you with a +0 hand axe. The orc hits you with a +0 short sword.
* * * LOW HITPOINT WARNING * * *
Unknown command.
You barely miss the orc.
The orc is heavily wounded.
The foxfire hits the orc.
You kill the orc!
The foxfire hits the orc.
The orc is lightly wounded.
The bat hits you but does no damage. The bat barely misses you.
The orc closely misses you.
Casting: Foxfire (safe; 8% risk of failure)
Confirm with . or Enter, or press ? or * to list all spells.
You conjure some foxfire!
The bat misses you. The orc hits you with a +0 hand axe.
* * * LOW HITPOINT WARNING * * *
The orc hits your foxfire with a +0 hand axe.
The bat barely misses you.
You closely miss the orc.
The orc is lightly wounded.
The foxfire hits the orc.
The orc is severely wounded.
The foxfire hits the bat.
The bat is severely wounded.
The bat barely misses you. The orc hits you with a +0 hand axe.
* * * LOW HITPOINT WARNING * * *
The orc closely misses you.
Casting: Foxfire (safe; 8% risk of failure)
Confirm with . or Enter, or press ? or * to list all spells.
You conjure some foxfire!
The bat barely misses you.
The foxfire hits the bat.
You kill the bat!
The orc priest hits you with a +0 hand axe.
* * * LOW HITPOINT WARNING * * *
The orc closely misses you.
Casting: Foxfire (safe; 8% risk of failure)
Confirm with . or Enter, or press ? or * to list all spells.
You conjure some foxfire!
The orc priest hits you with a +0 hand axe.
You die...

########.# .......
.......#.# #.........
.......#.######.........#
.........)...##.........#
..................##..#.#
##.#.#..)#.##...........#
#.#...#.##.#.#.##..#.# .
#.#...#o##.#.#.##..#.##.
#.....o@v§...)..........
.......vv...............
.......#.##.#!#..#.......
.#.#.....##.#.#..#..#.#..
...........#.#..#..)....
........######..#.......
.<.#..#.# #.......#....
#..#..#.######.....##..#
...................# ...


You could see an orc priest (ally target) and an orc (ally target).

Vanquished Creatures
  An adder (D:2)
  2 worms (D:2)
  4 dart slugs
  3 orcs (D:3)
  3 ball pythons (D:1)
  6 bats
  4 endoplasms
  2 giant cockroaches
  3 goblins
  3 hobgoblins
  3 quokkas
  A frilled lizard (D:1)
  7 kobolds
  3 rats
45 creatures vanquished.

Vanquished Creatures (others)
  32 foxfires
32 creatures vanquished.

Grand Total: 77 creatures vanquished

Notes
Turn   | Place    | Note
-------+----------+-------------------------------------------
     0 | D:1      | Ashen the Mummy Fire Elementalist began the quest for the
                  | Orb.
     0 | D:1      | Reached XP level 1. HP: 13/13 MP: 4/4
   265 | D:1      | Reached XP level 2. HP: 20/20 MP: 5/5
   270 | D:1      | Reached skill level 1 in Conjurations
   719 | D:1      | Reached skill level 3 in Spellcasting
  1178 | D:1      | Reached XP level 3. HP: 21/25 MP: 7/7
  1392 | D:2      | Reached skill level 1 in Fighting
  2229 | D:2      | Noticed Sigmund
  2734 | D:3      | Reached XP level 4. HP: 17/32 MP: 3/8
  2746 | D:3      | Slain by an orc priest

Illustrated notes

Levels and vault maps discovered:
D:1:      dpeg_arrival_tiny_a, layout_basic
D:2:      layout_loops_ring, kennysheep_cross_bottleneck,
          chequers_serial_rivers_micro_e, uniq_sigmund
D:3:      layout_basic, uniq_terence

Skill      XL: |  1  2  3 |
---------------+----------+-----
Conjurations   | 1 |  1.4
Spellcasting   | 3 |  3.2
Stealth        | 2 |  2.1
Fighting       | 1 |  1.1
Dodging        | 2 |  2.0
Fire Magic     | |  2.7

Action                   |  1- 3 |  4- 6 || total
-------------------------+-------+-------++-------
Melee: Rapier            |   113 |     4 ||   117
 Cast: Foxfire           |    18 |     5 ||    23
 Stab: Sleeping          |     6 |       ||     6
Armor: Robe              |    18 |     1 ||    19
Dodge: Dodged            |    70 |    11 ||    81
